 Dungeon Crawl Stone Soup version 0.30.0-19-g36f170ea60 (webtiles) character file.

Game seed: 544794441296571862

175 LustLizard the Conjurer (level 5, -17/34 HPs)
             Began as an Octopode Conjurer on May 31, 2023.
             Demolished by an ogre
             ... wielding a +0 giant club
              (21 damage)
             ... on level 4 of the Dungeon.
             The game lasted 00:07:54 (3989 turns).

LustLizard the Conjurer (Octopode Conjurer)         Turns: 3989, Time: 00:07:55

Health: -17/34     AC:  1    Str:  9    XL:     5   Next: 55%
Magic:  7/8        EV: 13    Int: 20    God:
Gold:   160        SH:  0    Dex: 10    Spells: 5/9 levels left

rFire   . .          .
                       - Unarmed
rCold   . . .        (no shield)
rNeg    . . .        h - melded +0 hat
rPois   .            (no amulet)
rElec   .            (no ring)
rCorr   .            (no ring)
SInv    .            (no ring)
Will    .....        (no ring)
Stlth   +++          (no ring)
HPRegen 0.25/turn    (no ring)
MPRegen 0.11/turn    (no ring)
                     (no ring)

%: no passive effects
@: appendages
A: tentacle spike 3, almost no armour, amphibious, 8 rings, camouflage 1,
gelatinous body 1, (nimble swimmer 1), tentacles
a: End Transformation


You were on level 4 of the Dungeon.
One of your tentacles had grown a beastly spike.
You visited 1 branch of the dungeon, and saw 4 of its levels.

You collected 160 gold pieces.

Inventory:

Armour
 h - a +0 hat (melded)
Scrolls
 d - a scroll of silence {unknown}
 f - a scroll of amnesia {unknown}
 g - 3 scrolls of identify
 i - 2 scrolls of fear {unknown}
 j - a scroll of blinking {unknown}
 k - a scroll of teleportation {unknown}
 l - a scroll of magic mapping {unknown}
 m - 2 scrolls of poison {unknown}
 n - 5 scrolls of enchant weapon
Potions
 a - 3 potions of magic
 b - 3 potions of curing
 c - 2 potions of lignification
 e - 3 potions of flight
 o - a potion of berserk rage {unknown}
 p - a potion of degeneration {unknown}


   Skills:
 + Level 1.7 Fighting
 - Level 2.0 Dodging
 + Level 4.0 Stealth
 * Level 2.8 Unarmed Combat
 + Level 2.6 Spellcasting
 - Level 4.0 Conjurations
 + Level 1.6 Transmutations


You had 5 spell levels left.
You knew the following spells:

 Your Spells              Type           Power      Damage    Failure   Level
a - Magic Dart            Conj           72%        1d6       2%          1
b - Beastly Appendage     Tmut           18%        N/A       8%          1
c - Wereblood             Tmut           9%         N/A       12%         2

Your spell library contained the following spells:

 Spells                   Type           Power      Damage    Failure   Level
 Searing Ray              Conj           36%        2d5       4%          2
 Passwall                 Tmut/Erth      4%         N/A       16%         2
 Dazzling Flash           Conj/Hex       20%        N/A       19%         3
 Ensorcelled Hibernation  Hex/Ice        4%         N/A       22%         2
 Spider Form              Tmut/Pois      5%         N/A       32%         3
 Swiftness                Air            2%         N/A       41%         3
 Vhi's Electric Charge    Tloc/Air       4%         N/A       41%         3
 Fulminant Prism          Conj/Hex       5%         3d7       54%         4
 Iskenderun's Mystic Bla  Conj/Tloc      10%        2d4       54%         4
 Arcjolt                  Conj/Air       5%         1d15      87%         5
 Maxwell's Capacitive Co  Air            1%         ∞         100%        8


Dungeon Overview and Level Annotations

Branches:
Dungeon (4/15)
 Temple: D:4-7

Altars:


Innate Abilities, Weirdness & Mutations

One of your tentacles has grown a beastly spike.
You cannot wear most types of armour.
You are amphibious.
You can wear up to eight rings at the same time.
Your skin changes colour to match your surroundings (Stealth+).
Your rubbery body absorbs attacks. (AC +1, EV +1)
((You are camouflaged when in or above water. (Stealth+)))
You have tentacles for arms and can constrict up to eight enemies at once.


Message History

Magic restored.
A hobgoblin comes into view.
The hobgoblin shouts!
The magic dart hits the hobgoblin.
The hobgoblin is almost dead.
The magic dart hits the hobgoblin.
You kill the hobgoblin!
You see here a hobgoblin corpse.
A sourceless malevolence fills the Dungeon... and a teleportation trap spontaneously manifests!
You are yanked towards a nearby monster!
Your surroundings suddenly seem different.
The ogre completely misses you.
Okay, then.
Okay, then.
Casting: Magic Dart (safe; 2% risk of failure)
Confirm with . or Enter, or press ? or * to list all spells.
Okay, then.
Casting: Magic Dart (safe; 2% risk of failure)
Confirm with . or Enter, or press ? or * to list all spells.
One of your tentacles grows a vicious spike.
Your +0 hat melds into your body.
The ogre hits you with a +0 giant club!
Ouch! That really hurt!
You tentacle-slap the ogre.
You pierce the ogre.
The ogre is lightly wounded.
You tentacle-slap the ogre.
The ogre is moderately wounded.
The ogre misses you.
You tentacle-slap the ogre. You squeeze the ogre.
The ogre is heavily wounded.
You tentacle-slap the ogre.
You tentacle-slap the ogre, but do no damage.
Your squeeze misses the ogre.
The ogre is heavily wounded.
The ogre hits you with a +0 giant club!
* * * LOW HITPOINT WARNING * * *
You tentacle-slap the ogre.
Your tentacle spike misses the ogre.
The ogre is severely wounded.
The ogre hits you with a +0 giant club!!
Ouch! That really hurt!
You die...

############## ##########
##.....##.....## #.<......#
##..............## #........#
#...........<.<).# #.O......#
#..........[.....# ###.....>..#
#...............(# #..........#
#................# ##.........#
#.O..............#
#.##..##..####.@..............#
#.###..#...##...........>....##
#..###.#......##....(.#.....##
##.###........#######.#######
#.g###...###.# #.#
##)..........# #.#
####O.####.###.# #.#
.g!.....##..##.# #.#
####.##.###..... #†#


You could see an ogre.

Vanquished Creatures
  2 orc priests
  4 adders
  3 worms
  3 dart slugs
  6 orcs (D:3)
  7 ball pythons
  3 bats
  6 endoplasms
  2 giant cockroaches
  4 goblins
  7 hobgoblins
  2 kobolds
  A quokka (D:4)
  3 frilled lizards (D:2)
  8 rats
61 creatures vanquished.

Notes
Turn   | Place    | Note
-------+----------+-------------------------------------------
     0 | D:1      | LustLizard the Octopode Conjurer began the quest for the
                  | Orb.
     0 | D:1      | Reached XP level 1. HP: 11/11 MP: 3/3
   264 | D:1      | Reached XP level 2. HP: 18/18 MP: 3/5
   435 | D:1      | Learned a level 1 spell: Beastly Appendage
   438 | D:1      | Learned a level 2 spell: Wereblood
   548 | D:1      | Reached skill level 1 in Unarmed Combat
  1151 | D:2      | Reached XP level 3. HP: 22/22 MP: 2/6
  1463 | D:2      | Reached skill level 1 in Fighting
  1583 | D:2      | Reached XP level 4. HP: 28/28 MP: 2/7
  2242 | D:2      | Reached skill level 1 in Transmutations
  3235 | D:3      | Reached XP level 5. HP: 33/33 MP: 2/8
  3888 | D:4      | Noticed an ogre
  3989 | D:4      | Demolished by an ogre

Illustrated notes

Levels and vault maps discovered:
D:1:      dpeg_arrival_stone_temple_mockup, layout_basic
D:2:      layout_basic, interstate_on_off
D:3:      layout_loops_cross, minivault_26
D:4:      layout_rooms, nicolae_ru_awakened_eye

Skill      XL: |  1  2  3  4  5 |
---------------+----------------+-----
Stealth        | 3 4 |  4.0
Unarmed Combat | 1 2 |  2.8
Fighting       | 1 |  1.7
Transmutations | 1 |  1.6
Dodging        | |  2.0
Spellcasting   | |  2.6
Conjurations   | |  4.0

Action                     |  1- 3 |  4- 6 || total
---------------------------+-------+-------++-------
  Melee: Unarmed           |     3 |    39 ||    42
         Tentacles         |     1 |    13 ||    14
         Constrict         |     1 |     8 ||     9
         Kick              |       |     8 ||     8
         Punch             |       |     1 ||     1
   Cast: Magic Dart        |    63 |    65 ||   128
         Beastly Appendage |       |     5 ||     5
         Wereblood         |       |     2 ||     2
    Use: Scroll            |       |     4 ||     4
 Armour: Skin              |       |     1 ||     1
  Dodge: Dodged            |     5 |    10 ||    15
